 Dungeon Crawl Stone Soup version 0.29-a0-284-gf9362112df (webtiles) character file.

Game seed: 18313423603522347635

276 ders the Magician (level 6, 0/60 HPs)
             Began as a Djinni Fire Elementalist on Mar 23, 2022.
             Slain by a water moccasin (1 damage)
             ... on level 5 of the Dungeon.
             The game lasted 00:06:38 (5691 turns).

ders the Magician (Djinni Fire Elementalist)        Turns: 5691, Time: 00:06:38

Health: 0/60       AC: 23    Str:  7    XL:     6   Next: 50%
Gold:   243        EV:  2    Int: 19    God:
                   SH:  0    Dex: 19

rFire   + . .      SeeInvis .   b - staff of death
rCold   + + .      Faith    +   (no shield)
rNeg    + . .      Spirit   .   (body armour currently unavailable)
rPois   ∞          Reflect  .   (helmet currently unavailable)
rElec   +          Harm     .   (cloak currently unavailable)
rCorr   +          Rampage  .   (gloves currently unavailable)
Will    .....      NoTele   +   (boots unavailable)
Stlth   ++........              p - amulet of faith
HPRegen 0.20/turn               d - ring of protection from cold
MPRegen 0.00/turn               v - +6 ring of dexterity

@: tree-form, resistant
A: stationary, stasis, torment immunity, boosted hp, sickness immunity, (fire
resistance 2), (cold vulnerability 1), float, innate caster, HP casting, extra
vitality 1
a: no special abilities


You were on level 5 of the Dungeon.
You were a tree.
You visited 1 branch of the dungeon, and saw 5 of its levels.

You collected 243 gold pieces.

Inventory:

Armour
 a - a +0 robe (melded)
Magical Staves
 b - a staff of death (weapon)
Jewellery
 d - a ring of protection from cold (left branch)
 p - an amulet of faith (around neck)
 v - a +6 ring of dexterity (right branch)
Wands
 r - a wand of iceblast (1)
Scrolls
 c - a scroll of enchant armour {unknown}
 e - a scroll of fog {unknown}
 g - a scroll of magic mapping {unknown}
 i - a scroll of brand weapon {unknown}
 k - 3 scrolls of immolation {unknown}
 l - 3 scrolls of teleportation {unknown}
 m - a scroll of silence {unknown}
 s - a scroll of fear {unknown}
 t - 2 scrolls of identify {unknown}
Potions
 f - 2 potions of lignification
 h - 2 potions of resistance
 j - a potion of ambrosia {unknown}
 n - a potion of mutation {unknown}
 o - 2 potions of attraction {unknown}
 q - a potion of heal wounds {unknown}
 u - a potion of flight {unknown}


   Skills:
 - Level 3.4 Dodging
 - Level 2.6 Stealth
 + Level 4.5 Spellcasting


You couldn't memorise any spells.
You knew the following spells:

 Your Spells              Type           Power      Damage    Failure   Level
a - Foxfire               Conj/Fire      84%        2x1d8     1%          1
b - Scorch                Fire           42%        2d7       3%          2
c - Conjure Flame         Conj/Fire      21%        6-21      6%          3
f - Animate Skeleton      Necr           64%        N/A       1%          1
g - Ensorcelled Hibernat  Hex/Ice        42%        N/A       3%          2
i - Inner Flame           Hex/Fire       21%        N/A       6%          3
w - Flame Wave            Conj/Fire      21%        2d7       21%         4
Your spell library was empty.

Dungeon Overview and Level Annotations

Branches:
Dungeon (5/15)
 Temple: D:4-7

Altars:

Shops:
D:2 [


Innate Abilities, Weirdness & Mutations

You are a tree.
Your roots penetrate the ground, keeping you stationary.
You cannot be teleported.
You are immune to unholy pain and torment.
Your maximum health is greatly increased.
Your equipment is partially melded.
You are immune to sickness and miasma.
You are immune to poison.
((Your flesh is very heat resistant. (rF++)))
((You are vulnerable to cold. (rC-)))
You float through the air rather than walking.
You learn spells naturally, not from books.
Your magical power is your life essence.
You have superior vitality. (+4 MHP)


Message History

The water moccasin hisses angrily.
Casting: Foxfire (safe; 1% risk of failure)
Confirm with . or Enter, or press ? or * to list all spells.
The fire begins to smoulder!
The water moccasin attacks as you move away!
The water moccasin bites you. The water moccasin closely misses you.
The water moccasin smothers the flame.
Casting: Conjure Flame (dangerous; 6% risk of failure)
Confirm with . or Enter, or press ? or * to list all spells.
Flames lash the water moccasin.
The water moccasin is lightly wounded.
The water moccasin's fire resistance burns away.
The water moccasin bites you. The water moccasin barely misses you.
Unknown command.
Casting: Scorch (safe; 3% risk of failure)
Confirm with . or Enter, or press ? or * to list all spells.
Flames lash the water moccasin.
The water moccasin is burned terribly!
The water moccasin is heavily wounded.
The water moccasin bites you. x2
The water moccasin bites you.
Unknown command.
Casting: Scorch (safe; 3% risk of failure)
Confirm with . or Enter, or press ? or * to list all spells.
Flames lash the water moccasin.
The water moccasin is burned terribly!
The water moccasin is severely wounded.
The water moccasin closely misses you. The water moccasin bites you!
* * * LOW HITPOINT WARNING * * *
The water moccasin bites you!
* * * LOW HITPOINT WARNING * * *
Unknown command.
It was a potion of resistance.
You feel protected. The water moccasin misses you.
It was a potion of lignification.
You turn into a tree.
Your +0 robe melds into your body.
Your roots penetrate the ground.
The water moccasin bites you.
* * * LOW HITPOINT WARNING * * *
The water moccasin bites you.
You die...

#.# ..#
#<###..# #
#....§.#.#
#.#.##...#
#........#
######....#..>#
..........# #..
#######...#
#..♣S.....#
#.####....# #
#....# #S...#
#.#### #.. #..
#... #...


You could see a water moccasin (combustible).

Vanquished Creatures
  A sky beast (D:4)
  An iguana (D:4)
  Terence (D:3)
  6 adders
  2 ufetubi (D:4)
  A worm (D:4)
  3 dart slugs
  2 orcs (D:4)
  2 ball pythons (D:4)
  7 endoplasms
  2 giant cockroaches
  5 goblins
  12 hobgoblins
  A jackal (D:2)
  A quokka (D:1)
  4 bats
  2 frilled lizards
  8 kobolds
  5 rats
66 creatures vanquished.

Vanquished Creatures (others)
  206 foxfires
206 creatures vanquished.

Grand Total: 272 creatures vanquished

Notes
Turn   | Place    | Note
-------+----------+-------------------------------------------
     0 | D:1      | ders the Djinni Fire Elementalist began the quest for the
                  | Orb.
     0 | D:1      | Reached XP level 1. HP: 15/15 MP: 0/0
   569 | D:1      | Reached XP level 2. HP: 17/21 MP: 0/0
  1183 | D:1      | Reached XP level 3. HP: 23/25 MP: 0/0
  1183 | D:1      | Learned a level 1 spell: Animate Skeleton
  2067 | D:2      | Reached XP level 4. HP: 20/31 MP: 0/0
  2450 | D:2      | Found Xev Igez's Armour Shop.
  2666 | D:2      | Found a faded altar of an unknown god.
  2724 | D:3      | Reached skill level 3 in Spellcasting
  3766 | D:3      | Reached XP level 5. HP: 33/35 MP: 0/0
  3766 | D:3      | Learned a level 2 spell: Ensorcelled Hibernation
  3955 | D:3      | Noticed Terence
  3968 | D:3      | Killed Terence
  4462 | D:4      | Noticed a sky beast
  4467 | D:4      | Killed a sky beast
  4468 | D:4      | Reached skill level 4 in Spellcasting
  4468 | D:4      | Reached XP level 6. HP: 29/40 MP: 0/0
  5658 | D:5      | Entered Level 5 of the Dungeon
  5676 | D:5      | Noticed a water moccasin
  5691 | D:5      | HP: 1/60 [water moccasin (3)]
  5691 | D:5      | Slain by a water moccasin

Illustrated notes

Levels and vault maps discovered:
D:1:      minmay_arrival_semitransparent, layout_loops_ring,
          minmay_misc_feat_plants, st_stairs_14, minmay_misc_feat_iff
D:2:      layout_loops_ring, serial_shops, nicolae_shop_crystal,
          shapermc_ecumenical_altar_petra
D:3:      layout_basic, uniq_terence
D:4:      layout_loops_ring, st_stairs_8, nicolae_elevator_lobby_plus
D:5:      layout_basic, jmf_multi_god_temple

Skill      XL: |  1  2  3  4  5 |
---------------+----------------+-----
Stealth        | 2 |  2.6
Dodging        | 3 |  3.4
Spellcasting   | 3 4 |  4.5

Action                   |  1- 3 |  4- 6 || total
-------------------------+-------+-------++-------
 Cast: Foxfire           |    66 |    71 ||   137
       Scorch            |     5 |    18 ||    23
       Animate Skeleton  |     3 |     3 ||     6
       Inner Flame       |       |     5 ||     5
       Conjure Flame     |       |     4 ||     4
  Use: Potion            |       |     2 ||     2
Armor: Robe              |     1 |     2 ||     3
Dodge: Dodged            |     7 |    25 ||    32

Table legend: (Time is in decaauts)
 A = Elapsed time spent in this place.
 B = Non-inter-level travel time spent in this place.
 C = Inter-level travel time spent in this place.
 D = Time resting spent in this place.
 E = Time spent auto-exploring this place.
 F = Levels seen in this place.
 G = Mean time per level.
                   A        B        C        D        E       F      G
               +--------+--------+--------+--------+--------+-----+--------+
         Total |   5688 |   5502 |    186 |    622 |   4370 |   5 | 1137.6 |
       Dungeon |   5688 |   5502 |    186 |    622 |   4370 |   5 | 1137.6 |
               +--------+--------+--------+--------+--------+-----+--------+

Top non-repeatable levels by time:
     D:3: 1743 daAuts
     D:1: 1496 daAuts
     D:2: 1220 daAuts
     D:4: 1195 daAuts
     D:5: 32 daAuts
